Map: Abyssal Reef LE

Players

Semper - Winner!

  • Race: Terran Terran
  • Spawn Location: 5:00

NoRegreT

  • Race: Zerg Zerg
  • Spawn Location: 11:00

Event: WCS Montreal 2017

VOD

Have the link to the VOD?

Description

Time

  • Played on: Sept. 8, 2017, 1:04 p.m.
  • Length: 10:14

All games in this series

Show
View Real Time Build Order
Export as new Build Order

Semper Terran - Winner!

Build Orders: Reaper Expand, Hellion Banshee, MMM Bio 

Get SALT Encoding   

  12  0:00  SCV  
  13  0:12  SCV  
  14  0:17  Supply Depot  
  14  0:25  SCV  
  15  0:39  SCV  
  15  0:41  Barracks  
  16  0:45  Refinery  
  16  0:51  SCV  
  17  1:03  SCV  
  18  1:15  SCV  
  19  1:27  Orbital Command  
  19  1:28  Reaper  
  20  1:41  Command Center  
  20  1:50  Supply Depot  
  20  1:53  SCV  
  21  2:00  Marine  
  22  2:05  SCV  
  23  2:10  Factory  
  23  2:16  Refinery  
  23  2:17  SCV  
  23  2:22  Barracks Reactor  
  24  2:30  SCV  
  25  2:43  SCV  
  26  2:52  Orbital Command  
  26  2:55  Starport  
  26  2:59  SCV  
  26  3:05  Hellion x2  
  31  3:11  SCV, Barracks Tech Lab  
  32  3:22  SCV  
  32  3:23  SCV  
  32  3:26  Hellion x2  
  38  3:33  Supply Depot  
  38  3:35  SCV  
  38  3:38  Banshee  
  38  3:39  Cloaking Field  
  42  3:43  SCV  
  43  3:48  Supply Depot  
  43  3:49  Hellion  
  47  3:55  Hellion  
  47  3:58  SCV  
  48  4:03  Orbital Command  
  48  4:08  Orbital Command  
  46  4:11  Hellion  
  46  4:13  SCV  
  46  4:15  Supply Depot  
  51  4:17  Hellion  
  51  4:21  Banshee  
  53  4:26  Supply Depot  
  53  4:34  Hellion  
  53  4:37  Barracks Tech Lab  
  55  4:40  SCV x2  
  57  4:54  SCV  
  57  4:56  Supply Depot  
  57  4:59  Supply Depot, SCV  
  59  5:00  Marine  
  59  5:01  Supply Depot, Stimpack  
  59  5:06  Hellion  
  60  5:08  SCV  
  61  5:15  SCV  
  61  5:16  Supply Depot  
  62  5:23  SCV  
  62  5:27  Starport Reactor  
  63  5:29  SCV  
  63  5:32  Command Center  
  63  5:35  Marine, SCV  
  66  5:44  SCV  
  66  5:45  Factory Reactor  
  66  5:46  Barracks, Supply Depot  
  67  5:50  Barracks  
  67  5:51  SCV  
  67  5:53  Supply Depot, Marine  
  69  5:59  SCV  
  69  6:01  Liberator x2  
  69  6:02  Engineering Bay  
  69  6:03  SCV  
  69  6:04  Engineering Bay  
  71  6:11  Marine, SCV  
  72  6:15  SCV  
  77  6:22  Refinery  
  77  6:23  SCV  
  77  6:25  Refinery  
  81  6:28  SCV  
  81  6:29  Marine  
  83  6:35  Siege Tank  
  83  6:38  Terran Infantry Armor Level 1, Terran Infantry Weapons Level 1  
  83  6:39  SCV  
  87  6:43  Marine  
  87  6:45  SCV  
  89  6:47  Orbital Command  
  89  6:50  Marine  
  89  6:51  SCV  
  91  6:54  Marine  
  91  6:57  SCV  
  91  6:59  Marine x2  
  95  7:12  Barracks  
  95  7:13  Siege Tank  
  95  7:14  Barracks  
  98  7:20  Marine  
  85  7:30  Marine  
  85  7:32  Marine x3  
  85  7:35  SCV  
  84  7:38  Marine  
  84  7:39  Medivac x2  
  84  7:42  SCV  
  90  7:46  Siege Tank  
  90  7:47  SCV  
  90  7:48  Marine  
  90  7:49  Marine  
  90  7:50  Marine x2  
  98  7:52  Orbital Command  
  98  7:56  SCV  
  98  7:57  Marine  
  100  8:01  Combat Shields  
  100  8:03  Barracks Reactor x2  
  100  8:05  Supply Depot  
  100  8:08  SCV  
  101  8:15  SCV  
  101  8:18  Siege Tank, SCV  
  103  8:20  SCV  
  103  8:21  Supply Depot  
  103  8:22  Supply Depot  
  103  8:26  Medivac x2  
  108  8:27  Marine x5, SCV  
  108  8:30  SCV  
  108  8:33  SCV  
  116  8:38  Supply Depot  
  116  8:40  SCV  
  117  8:42  SCV  
  117  8:45  Factory, Marine  
  117  8:46  Refinery  
  117  8:47  Refinery  
  116  8:49  SCV  
  116  8:50  Supply Depot, Siege Tank  
  116  8:51  Marine x2  
  122  8:59  Marine x5  
  127  9:03  Supply Depot  
  127  9:13  Marine  
  113  9:21  Marine  
  113  9:22  Siege Tank, Marine x5  
  113  9:24  Marine x2  
  117  9:25  Medivac x2  
  123  9:31  Marine  
  117  9:39  Marine  
  117  9:45  Marine x7  
  118  9:48  SCV x3  
  118  9:49  Marine  
  118  9:51  Armory  
  128  10:00  SCV  
Show
View Real Time Build Order
Export as new Build Order

NoRegreT Zerg 

Build Orders: Hatch First 

Get SALT Encoding   

  12  0:00  Drone  
  13  0:13  Overlord  
  13  0:17  Drone  
  14  0:31  Drone x2  
  14  0:35  Drone  
  17  0:52  Hatchery  
  16  0:58  Drone  
  16  0:59  Drone  
  18  1:12  Extractor  
  18  1:17  Spawning Pool  
  18  1:18  Drone  
  17  1:20  Drone  
  18  1:29  Drone  
  19  1:39  Overlord  
  19  1:51  Drone  
  20  2:03  Queen  
  20  2:04  Queen  
  20  2:05  Zergling x4  
  26  2:12  Drone  
  26  2:15  Metabolic Boost  
  28  2:22  Drone  
  28  2:27  Drone  
  28  2:28  Drone  
  29  2:38  Overlord  
  29  2:39  Drone  
  29  2:43  Queen  
  32  2:45  Overlord  
  32  2:50  Drone  
  33  2:54  Drone  
  33  2:58  Drone  
  33  3:05  Overlord  
  34  3:10  Zergling x2  
  34  3:12  Baneling Nest  
  34  3:14  Zergling x6  
  34  3:17  Zergling x4  
  34  3:18  Zergling x2  
  40  3:21  Zergling x2  
  40  3:22  Zergling x2  
  42  3:30  Zergling x2  
  43  3:42  Zergling x2  
  43  3:43  Zergling x2  
  45  3:49  Hatchery  
  45  3:50  Zergling x6  
  45  3:52  Zergling x2  
  45  3:54  Zergling x2  
  49  3:58  Zergling x2  
  50  4:03  Zergling x2  
  50  4:06  Drone x2  
  50  4:08  Drone  
  52  4:10  Drone  
  53  4:20  Drone x2  
  53  4:22  Spore Crawler  
  53  4:23  Spore Crawler  
  53  4:31  Drone  
  53  4:33  Drone  
  53  4:40  Baneling x6  
  53  4:42  Drone, Lair  
  53  4:43  Drone  
  55  4:48  Drone  
  55  4:49  Drone x2  
  55  4:51  Extractor  
  55  4:52  Extractor, Drone  
  57  5:01  Spore Crawler  
  57  5:03  Drone x2  
  56  5:07  Drone x3  
  56  5:08  Drone  
  56  5:12  Drone  
  60  5:16  Drone x3  
  60  5:17  Zergling x2  
  60  5:21  Zergling x2  
  65  5:22  Baneling  
  65  5:23  Baneling x3  
  65  5:24  Zergling x2  
  66  5:31  Overlord  
  66  5:44  Queen  
  66  5:47  Overseer  
  66  5:49  Queen  
  66  5:51  Queen  
  66  5:53  Drone x4  
  73  5:59  Drone x3  
  74  6:05  Centrifical Hooks  
  74  6:06  Overlord  
  74  6:17  Drone x2  
  74  6:18  Overlord  
  74  6:22  Hydralisk Den  
  73  6:29  Drone x2  
  73  6:30  Drone x3  
  79  6:32  Drone  
  79  6:38  Zergling x2  
  79  6:39  Zergling x6  
  83  6:42  Zergling x8  
  83  6:44  Hatchery  
  83  6:45  Zergling x4  
  82  6:47  Zergling x4  
  82  6:52  Hydralisk x2  
  87  6:55  Zergling x4  
  87  6:56  Zergling x2  
  87  6:59  Muscular Augments  
  90  7:07  Overlord  
  90  7:12  Overlord  
  77  7:30  Hydralisk  
  77  7:31  Hydralisk x9  
  77  7:35  Zergling x8  
  77  7:36  Zergling x2  
  99  7:38  Hydralisk  
  101  7:50  Drone x3  
  101  7:56  Zergling x8  
  103  8:10  Overlord  
  103  8:13  Zergling x2  
  103  8:16  Overlord  
  104  8:21  Baneling x7  
  104  8:22  Baneling  
  104  8:23  Baneling x3  
  104  8:24  Overlord  
  104  8:32  Zergling x18  
  104  8:33  Overlord  
  112  8:35  Zergling x12  
  112  8:36  Zergling x2  
  112  8:37  Zergling x2, Baneling x2  
  112  8:38  Baneling x2  
  120  8:43  Zergling x8  
  120  8:44  Zergling x2  
  120  8:46  Zergling x4  
  126  8:49  Zergling x4  
  126  8:52  Zergling x4  
  128  8:59  Zergling x8  
  128  9:01  Zergling x4  
  128  9:02  Zergling x4  
  128  9:10  Zergling x4  
  128  9:11  Zergling x2  
  128  9:14  Zergling x6  
  114  9:17  Zergling x4  
  114  9:23  Zergling x2  
  114  9:24  Zergling x4  
  106  9:25  Baneling  
  106  9:28  Zergling x2  
  106  9:31  Zergling x2  
  95  9:40  Zergling x6  
  95  9:41  Zergling x4  
  95  9:42  Zergling x2  
  95  9:43  Baneling x2  
  96  9:46  Zergling x4  
  96  9:48  Zergling x2  
  96  9:52  Baneling x2  
  99  9:53  Baneling  
  99  9:54  Zergling x2  
  99  9:58  Baneling  
  99  9:59  Drone x3  
Tags
 
Add a new tag
Caveats
  • Supply blocks, unpowered buildings, or Contaminate may cause inaccurate times.
  • Supply counts are checked every 10 seconds.